 Dungeon Crawl Stone Soup version 0.23.2-40-g277498a001 (webtiles) character file.

Game seed: 5542584638282737714

8351 MisterOstroum the Grappler (level 11, -10/169 HPs)
             Began as a Troll Berserker on Aug 29, 2019.
             Was a High Priest of Trog.
             Mangled by a troll (12 damage)
             ... on level 10 of the Dungeon.
             The game lasted 00:16:20 (8825 turns).

MisterOstroum the Grappler (Troll Berserker)        Turns: 8825, Time: 00:16:21

Health: -10/169    AC:  7    Str: 32    XL:     11   Next: 8%
Magic:  10/10      EV: 12    Int:  6    God:    Trog [*****.]
Gold:   672        SH:  0    Dex: 11    Spells: 10/10 levels left

rFire    . . .     SeeInvis .     - Unarmed
rCold    . . .     Gourm    +   (no shield)
rNeg     . . .     Faith    .   a - +0 animal skin
rPois    .         Spirit   .   (helmet restricted)
rElec    .         Reflect  .   v - +0 cloak
rCorr    +         Harm     .   (gloves unavailable)
MR       .....                  (boots unavailable)
Stlth    ..........             w - amulet of regeneration
HPRegen  1.18/turn              K - ring of resist corrosion
MPRegen  0.12/turn              A - +2 ring of intelligence

@: berserking, very quick
A: large, unfitting armour, claws 3, fast metabolism 3, gourmand, regeneration
1, shaggy fur 1, tough skin 3
a: Berserk, Trog's Hand, Brothers in Arms, Renounce Religion


You were on level 10 of the Dungeon.
You worshipped Trog.
Trog was extremely pleased with you.
You were very full.

You visited 1 branch of the dungeon, and saw 10 of its levels.

You collected 672 gold pieces.

Inventory:

Hand Weapons
 H - a +0 giant spiked club
 M - a +0 giant club
Missiles
 f - 233 stones (quivered)
 g - 2 throwing nets {!f}
 r - 13 tomahawks
 y - 2 poisoned tomahawks
 L - 7 large rocks
 P - 2 steel tomahawks
Armour
 a - a +0 animal skin (worn)
 v - a +0 cloak (worn)
 B - a +0 shield
Jewellery
 w - an amulet of regeneration (around neck)
 A - a +2 ring of intelligence (right claw)
 E - a +5 amulet of reflection
 K - a ring of resist corrosion (left claw)
Scrolls
 b - a scroll of enchant weapon {unknown}
 d - 2 scrolls of fog
 l - 2 scrolls of enchant armour {unknown}
 o - 4 scrolls of remove curse {@r2}
 p - 4 scrolls of teleportation {@r3 !r}
 s - a scroll of magic mapping {unknown}
 x - 2 scrolls of immolation
 z - a scroll of silence {unknown}
 C - 3 scrolls of vulnerability {unknown}
 D - a scroll of brand weapon {unknown}
 G - 4 scrolls of identify {@r1}
 J - a scroll of amnesia {unknown}
 N - a scroll of blinking {unknown}
Potions
 c - 5 potions of haste
 h - 2 potions of resistance
 i - a potion of ambrosia {unknown}
 j - 2 potions of mutation
 k - a potion of cancellation
 n - a potion of curing {unknown}
 q - a potion of might {@q3 !q}
 t - 3 potions of agility {@q5 !q}
 u - a potion of degeneration {unknown}
 I - a potion of invisibility {unknown}
 O - a potion of heal wounds {unknown}
Comestibles
 e - 21 rations


   Skills:
 + Level 8.3 Fighting
 - Level 5.1 Throwing
 - Level 5.0 Dodging
 * Level 6.2 Shields
 - Level 10.0 Unarmed Combat


You had 10 spell levels left.
You didn't know any spells.
Your spell library was empty.

Dungeon Overview and Level Annotations

Branches:
Dungeon (10/15)            Temple (0/1) D:4            Lair (0/6) D:10
    Orc: D:9-12

Altars:
Cheibriados
Elyvilon
Fedhas
Hepliaklqana
Nemelex Xobeh
Okawaru
Qazlal
Sif Muna
Wu Jian
Yredelemnul
The Shining One

Shops:
D:6 *

Annotations:
D:5 1 runed translucent door, tamionv's ghost, novice MiBe
D:7 Harold
D:8 4 runed translucent doors
D:10 3 runed translucent doors, MalarOregon's ghost, novice MfSk


Innate Abilities, Weirdness & Mutations

You are too large for most types of armour.
You have claws for hands.
Your metabolism is lightning-fast.
You like to eat raw meat.
Your natural rate of healing is unusually fast.
You are covered in fur. (AC +1)
You have extremely tough skin. (AC +3)


Message History

The ogre shouts!
The two-headed ogre shouts in stereo!
Eating one of 3 chunks of flesh.
You eat one of the 3 chunks of flesh.
This raw flesh tastes great.
You now have 672 gold pieces (gained 20).
All of the chunks of flesh in your inventory have rotted away.
You open the door.
There is an open door here.
There is an open door here.
You see here a dagger.
You see here a dagger.
There is an open door here.
Items here: )) [[ a +0 dagger; a +0 robe; a +0 dire flail; a +0 plate armour You see here 2 arrows.
Things that are here:
a cursed -3 club; a +0 leather armour
Things that are here:
a +0 shortbow; 16 arrows You see here 3 arrows.
You see here an arrow.
You see here an arrow.
You see here an arrow.
Things that are here:
a +0 shortbow; 8 arrows
There is an open door here.
Things that are here:
a +0 dagger; a +0 robe You see here a ring mail.
There is an open door here.
There is an open door here.
There is an open door here.
There is an open door here.
Key pressed, stopping explore.
A troll comes into view.
There is a stone staircase leading down here.
A troll is nearby!
A troll is nearby!
A troll is nearby!
The troll shouts!
The troll closely misses you. The troll claws you. x2
You claw the troll!
The troll is moderately wounded.
The troll barely misses you. The troll claws you. x2
You claw the troll!
The troll is heavily wounded.
The troll bites you! The troll claws you!
The troll claws you but does no damage.
You scratch the troll.
The troll is severely wounded.
You claw the troll!
The troll is almost dead.
The troll bites you! The troll misses you. The troll claws you!
You scratch the troll but do no damage.
The troll is almost dead.
The troll closely misses you. The troll misses you. The troll claws you!
You are too injured to fight recklessly!
You are too injured to fight recklessly!
You are too injured to fight recklessly!
You are too injured to fight recklessly!
You are too injured to fight recklessly!
You are too injured to fight recklessly!
You are too injured to fight recklessly!
You are too injured to fight recklessly!
You are too injured to fight recklessly!
You are too injured to fight recklessly!
You are too injured to fight recklessly!
You are too injured to fight recklessly!
You are too injured to fight recklessly!
You are too injured to fight recklessly!
You are too injured to fight recklessly!
You barely miss the troll.
The troll is almost dead.
The troll bites you! The troll closely misses you.
The troll claws you but does no damage.
You closely miss the troll.
The troll is almost dead.
The troll bites you!
* * * LOW HITPOINT WARNING * * *
The troll claws you.
* * * LOW HITPOINT WARNING * * *
The troll closely misses you.
A red film seems to cover your vision as you go berserk!
You feel yourself moving faster!
You feel mighty!
You feel a lot less full. The troll bites you!!
* * * LOW HITPOINT WARNING * * *
The troll closely misses you. The troll claws you but does no damage.
You barely miss the troll.
The troll is almost dead.
You scratch the troll.
The troll is almost dead.
The troll misses you. The troll claws you!
* * * LOW HITPOINT WARNING * * *
The troll claws you!
* * * LOW HITPOINT WARNING * * *
You barely miss the troll.
The troll is almost dead.
The troll bites you.
* * * LOW HITPOINT WARNING * * *
The troll claws you!
You die...

#.# #######.#.##### #.#
#...........# ##.#
#####..###### #.)#
##.######## #.##
#.........# #.#
#.###.###.# #.#
#.#...#.#.# #.#
#.###>#.###.#.# #.#
#..T@.#.#.#...# #.#
###########.#.#.### #.#
####...'.......#...#.#
#.###....###########.###(#
##..<..####
#.............# .[..####
##'############ ##.##
#....# #.# ####'#######
##'##### #.#.......#


You could see a troll.

Vanquished Creatures
  A two-headed ogre (D:9)
  A gargoyle (D:10)
  A troll (D:9)
  3 hippogriffs
  A human (D:7)
  A wyvern (D:8)
  7 yaks (D:10)
  4 hogs (D:7)
  A hungry ghost (D:10)
  Menkaure (D:6)
  2 wargs (D:10)
  A water moccasin (D:9)
  4 orc warriors
  4 ice beasts
  3 black bears
  4 sky beasts
  2 phantoms
  A necrophage (D:8)
  5 centaurs
  4 ogres
  2 bullfrogs
  A water moccasin skeleton (D:8)
  4 scorpions
  5 killer bees (D:9)
  4 crimson imps
  A jelly (D:5)
  7 orc wizards
  2 quasits (D:6)
  2 centaur skeletons
  2 hounds
  2 orc priests (D:10)
  12 worker ants
  6 iguanas
  A howler monkey zombie (D:6)
  A worker ant zombie (D:8)
  7 gnolls
  5 adders
  3 shadow imps
  A white imp (D:5)
  2 adder skeletons
  A worm (D:2)
  3 dart slugs
  11 leopard geckos
  25 orcs
  7 bats
  8 giant cockroaches
  12 hobgoblins
  4 jackals (D:5)
  7 kobolds
  3 quokkas
  A ball python (D:4)
  2 frilled lizards
  5 goblins
  A goblin skeleton (D:5)
  2 hobgoblin zombies (D:5)
  A jackal skeleton (D:4)
  A kobold zombie (D:5)
  A leopard gecko zombie (D:5)
  An orc skeleton (D:5)
  An orc zombie (D:5)
  8 rats
226 creatures vanquished.

Vanquished Creatures (others)
  A goblin (D:2)
1 creature vanquished.

Grand Total: 227 creatures vanquished

Notes
Turn   | Place    | Note
-------+----------+-------------------------------------------
     0 | D:1      | MisterOstroum the Troll Berserker began the quest for the
                  | Orb.
     0 | D:1      | Reached XP level 1. HP: 22/22 MP: 0/0
   138 | D:1      | Reached XP level 2. HP: 29/29 MP: 1/1
   980 | D:2      | Reached XP level 3. HP: 37/37 MP: 2/2
  1198 | D:2      | Found a white marble altar of Elyvilon.
  1563 | D:3      | Found a sparkling altar of Nemelex Xobeh.
  1572 | D:3      | Reached ** piety under Trog
  1572 | D:3      | Reached skill level 4 in Unarmed Combat
  1718 | D:3      | Reached XP level 4. HP: 43/45 MP: 3/3
  1931 | D:3      | Found a basalt altar of Yredelemnul.
  2321 | D:4      | Reached XP level 5. HP: 49/54 MP: 4/4
  2486 | D:4      | Found a white marble altar of Elyvilon.
  2561 | D:4      | Found a staircase to the Ecumenical Temple.
  2680 | D:4      | Reached skill level 5 in Unarmed Combat
  3001 | D:5      | Entered Level 5 of the Dungeon
  3001 | D:5      | Noticed a phantom
  3019 | D:5      | Killed a phantom
  3019 | D:5      | Reached XP level 6. HP: 62/63 MP: 5/5
  3044 | D:5      | Reached skill level 5 in Fighting
  3241 | D:5      | Found a runed translucent door.
  3241 | D:5      | Noticed tamionv's ghost (novice MiBe)
  3350 | D:5      | Reached *** piety under Trog
  3350 | D:5      | Reached XP level 7. HP: 72/72 MP: 6/6
  3653 | D:5      | Found a glowing golden altar of the Shining One.
  3763 | D:5      | Reached skill level 6 in Unarmed Combat
  4061 | D:5      | Found an iron altar of Okawaru.
  4186 | D:6      | Noticed Menkaure
  4206 | D:6      | Killed Menkaure
  4206 | D:6      | Reached skill level 5 in Dodging
  4206 | D:6      | Reached XP level 8. HP: 80/80 MP: 7/7
  4366 | D:6      | Found Xerea's General Store.
  4607 | D:6      | Reached skill level 1 in Throwing
  4772 | D:6      | Found a deep blue altar of Sif Muna.
  4802 | D:7      | Reached skill level 7 in Unarmed Combat
  4848 | D:7      | Reached XP level 9. HP: 89/89 MP: 8/8
  4885 | D:7      | Noticed Harold
  5039 | D:7      | Found a stormy altar of Qazlal.
  5320 | D:7      | Found a hazy altar of Hepliaklqana.
  5511 | D:8      | Found a huge runed translucent gate.
  5511 | D:8      | Found a huge runed translucent gate.
  5511 | D:8      | Found a huge runed translucent gate.
  5511 | D:8      | Found a huge runed translucent gate.
  5511 | D:8      | Noticed a polar bear
  5511 | D:8      | Noticed a polar bear
  5511 | D:8      | Noticed a polar bear
  5541 | D:8      | Reached skill level 5 in Throwing
  5541 | D:8      | Reached skill level 8 in Unarmed Combat
  5682 | D:8      | Found an ornate altar of the Wu Jian Council.
  6004 | D:8      | Reached **** piety under Trog
  6068 | D:8      | Reached skill level 9 in Unarmed Combat
  6089 | D:8      | Found a snail-covered altar of Cheibriados.
  6176 | D:8      | Reached skill level 1 in Shields
  6396 | D:9      | Reached XP level 10. HP: 81/102 MP: 9/9
  6569 | D:9      | Found a blossoming altar of Fedhas.
  7203 | D:9      | Received a gift from Trog
  7269 | D:9      | Noticed a two-headed ogre
  7389 | D:9      | Killed a two-headed ogre
  7425 | D:10     | Entered Level 10 of the Dungeon
  7718 | D:10     | Reached skill level 5 in Shields
  7718 | D:10     | Reached skill level 10 in Unarmed Combat
  7822 | D:10     | Found a staircase to the Lair.
  7936 | D:9      | HP: 5/104 [poisoned by an orc wizard]
  7941 | D:9      | HP: 5/104 [poisoned by an orc wizard]
  8186 | D:10     | Reached ***** piety under Trog
  8208 | D:10     | Reached XP level 11. HP: 111/111 MP: 10/10
  8404 | D:10     | Received a gift from Trog
  8582 | D:10     | Found a runed translucent gate.
  8583 | D:10     | Found a runed translucent gate.
  8584 | D:10     | Found a runed translucent gate.
  8586 | D:10     | Noticed MalarOregon's ghost (novice MfSk)
  8590 | D:10     | Noticed a two-headed ogre
  8824 | D:10     | HP: 6/169 [troll (15)]
  8825 | D:10     | HP: 2/169 [troll (4)]
  8825 | D:10     | Mangled by a troll

Skill      XL: |  1  2  3  4  5  6  7  8  9 10 |
---------------+-------------------------------+-----
Fighting       | 3 4 5 7 8 |  8.3
Unarmed Combat | 4 5 6 7 9 10 | 10.0
Dodging        | 3 5 |  5.0
Throwing       | 4 5 |  5.1
Shields        | 2 6 |  6.2

Action                   |  1- 3 |  4- 6 |  7- 9 | 10-12 || total
-------------------------+-------+-------+-------+-------++-------
Melee: Unarmed           |    88 |   121 |   221 |   192 ||   622
       Punch             |     2 |     6 |    12 |    16 ||    36
Throw: Stone             |   100 |   112 |   186 |    87 ||   485
Invok: Berserk           |       |     1 |     3 |     8 ||    12
  Use: Scroll            |       |       |    14 |     3 ||    17
 Stab: Sleeping          |     1 |       |       |       ||     1
  Eat: Chunk             |    21 |    16 |    31 |    30 ||    98
Armor: Animal skin       |    34 |    33 |    43 |    23 ||   133
Dodge: Dodged            |    26 |    46 |    97 |   103 ||   272
